Map: Emerald City LE

Players

Massa

  • Race: Terran Terran
  • League: Platinum
  • Spawn Location: 5:00

qqq

  • Race: Zerg Zerg
  • League: Platinum
  • Spawn Location: 5:00

Junkdog - Winner!

  • Race: Terran Terran
  • League: Master
  • Spawn Location: 11:00

TOKUS - Winner!

  • Race: Terran Terran
  • League: Diamond
  • Spawn Location: 11:00

VOD

Have the link to the VOD?

Description

Time

  • Played on: Jan. 17, 2021, 7:47 a.m.
  • Length: 13:28
Show
View Real Time Build Order
Export as new Build Order

Massa Terran 

Build Orders:  

Get SALT Encoding   

  12  0:00  SCV  
  13  0:12  SCV  
  14  0:22  Supply Depot  
  14  0:25  SCV  
  15  0:43  SCV  
  15  0:44  Barracks  
  15  0:47  Refinery  
  16  0:55  SCV  
  17  1:07  SCV  
  17  1:08  Refinery  
  18  1:19  SCV  
  19  1:32  SCV  
  20  1:33  Barracks Tech Lab  
  20  1:39  Supply Depot  
  20  1:41  Barracks  
  20  1:44  SCV  
  21  1:56  Orbital Command  
  21  1:58  Marauder  
  21  2:01  Concussive Shells  
  23  2:19  Marauder  
  25  2:28  Barracks Tech Lab  
  25  2:40  Command Center  
  25  2:44  Marauder  
  25  2:49  Marauder  
  29  2:54  Stimpack  
  29  2:58  SCV  
  30  3:11  Factory  
  30  3:15  Supply Depot  
  30  3:23  SCV  
  31  3:37  Marauder x2  
  35  3:42  SCV  
  35  3:47  Supply Depot  
  36  3:54  SCV  
  37  3:59  Starport, Marauder x2  
  37  4:01  Factory Tech Lab  
  41  4:04  Orbital Command  
  41  4:20  Marauder x2  
  39  4:41  Marauder x2  
  37  4:54  Cyclone  
  37  4:56  Starport Tech Lab  
  37  4:58  SCV x2  
  42  5:03  Marauder x2  
  46  5:10  SCV  
  46  5:11  SCV  
  48  5:17  Refinery  
  48  5:18  Banshee  
  48  5:19  Refinery  
  51  5:24  Marauder x2  
  49  5:53  Cloaking Field  
  49  5:57  Marauder  
  49  5:58  Marauder  
  49  6:01  Banshee  
  49  6:03  Engineering Bay  
  52  6:05  Barracks  
  52  6:09  Barracks  
  52  6:10  Barracks  
  50  6:18  Marine  
  51  6:19  Marine  
  51  6:22  Mag-Field Accelerator  
  51  6:24  Widow Mine  
  54  6:26  SCV x2  
  56  6:35  Marine  
  56  6:36  Marine  
  56  6:38  SCV x2  
  60  6:47  Medivac  
  60  6:50  Combat Shield  
  62  7:00  Supply Depot  
  62  7:02  Supply Depot  
  62  7:04  Supply Depot  
  62  7:11  Missile Turret  
  62  7:21  Medivac  
  62  7:22  SCV x2, Siege Tank  
  69  7:34  SCV x2  
  71  7:46  Marauder x2  
  71  7:47  Barracks Reactor, Barracks Tech Lab x2  
  73  8:07  Marauder  
  73  8:08  Marauder  
  74  8:27  SCV x2  
  76  8:34  Banshee  
  76  8:36  Command Center  
  76  8:39  SCV x2  
  81  8:52  SCV x2  
  80  9:04  Missile Turret  
  80  9:05  Siege Tank  
  82  9:29  SCV x2  
  84  9:37  Terran Infantry Weapons Level 1  
  84  9:41  SCV x2  
  86  9:47  Armory  
  86  9:48  Engineering Bay  
  83  9:53  SCV x2  
  85  10:03  Banshee  
  85  10:05  SCV x2  
  90  10:14  Supply Depot  
  90  10:17  SCV  
  90  10:18  SCV  
  92  10:23  Command Center  
  92  10:30  SCV x2  
  94  10:39  Marauder x4  
  94  10:40  Marine x2, Supply Depot  
  94  10:42  SCV, Supply Depot  
  93  10:52  Banshee  
  89  10:58  Marine x2  
  89  11:00  Marauder  
  89  11:01  Marauder x3  
  89  11:02  Supply Depot  
  98  11:08  Supply Depot  
  98  11:09  Terran Infantry Armor Level 1, Supply Depot  
  98  11:12  Siege Tank  
  98  11:13  Supply Depot x2  
  98  11:14  Supply Depot  
  98  11:15  Marine  
  98  11:16  Marine  
  100  11:22  Marauder x2, Marine  
  100  11:23  Marauder  
  96  11:36  Marine x2  
  93  11:41  Marauder  
  93  11:42  Medivac  
  93  11:43  Marauder x2  
  93  11:44  Siege Tank  
  104  11:57  SCV x3  
  104  11:59  Command Center  
  107  12:09  SCV x2  
  107  12:11  Planetary Fortress  
  107  12:12  Medivac  
  111  12:16  Siege Tank  
  114  12:48  Siege Tank  
  94  12:56  Marauder x4, Marine  
  94  12:57  Marine  
Show
View Real Time Build Order
Export as new Build Order

qqq Zerg 

Build Orders: Hatch First 

Get SALT Encoding   

  12  0:00  Drone  
  13  0:09  Drone  
  14  0:18  Overlord  
  14  0:37  Drone x2  
  14  0:38  Drone  
  17  0:56  Hatchery  
  16  0:59  Drone  
  17  1:06  Drone  
  18  1:17  Spawning Pool  
  17  1:18  Extractor  
  17  1:21  Drone  
  17  1:28  Drone  
  18  1:37  Drone  
  19  1:50  Extractor  
  20  2:01  Drone x2  
  20  2:07  Queen  
  20  2:08  Overlord  
  23  2:09  Queen  
  23  2:11  Drone  
  26  2:18  Metabolic Boost  
  26  2:22  Zergling x2  
  27  2:26  Drone  
  28  2:36  Zergling x2  
  29  2:37  Overlord  
  29  2:38  Drone  
  30  2:45  Baneling Nest  
  30  2:48  Drone  
  30  2:50  Zergling x2  
  31  2:53  Zergling x2  
  32  2:58  Zergling x2  
  32  3:09  Zergling x2  
  32  3:10  Zergling x2  
  34  3:15  Zergling x2  
  34  3:19  Zergling x2, Overlord  
  37  3:20  Zergling x4  
  37  3:21  Zergling x2  
  37  3:22  Zergling x2  
  40  3:30  Baneling x3  
  40  3:31  Baneling x2  
  40  3:33  Zergling x2  
  41  3:37  Zergling x2  
  41  3:39  Drone, Zergling x2  
  44  3:48  Zergling x4  
  45  3:50  Zergling x2  
  45  3:53  Drone, Zergling x2  
  49  3:57  Baneling x2  
  49  4:05  Zergling x4  
  49  4:06  Zergling x2  
  49  4:09  Overlord  
  44  4:36  Zergling x6  
  44  4:37  Zergling x10  
  43  4:44  Zergling x4  
  42  4:50  Zergling x2  
  43  4:56  Zergling x2  
  44  5:01  Hatchery  
  44  5:05  Lair  
  43  5:08  Zergling x2  
  43  5:09  Zergling x4  
  43  5:14  Zergling x2  
  47  5:21  Zergling x4  
  47  5:22  Zergling x4  
  37  5:44  Zergling x2  
  37  5:45  Zergling x6  
  39  6:17  Spire  
  38  6:18  Drone x3  
  38  6:19  Drone x3  
  38  6:20  Drone x4  
  38  6:21  Extractor  
  38  6:23  Drone x2  
  49  6:32  Queen  
  51  6:35  Drone  
  51  6:39  Overlord  
  52  6:49  Drone x5  
  52  6:50  Drone  
  58  7:02  Hydralisk Den  
  57  7:11  Zergling x6, Evolution Chamber  
  52  7:34  Zergling x4  
  52  7:35  Zergling x4  
  52  7:36  Zergling x2  
  40  7:44  Spine Crawler  
  40  7:48  Spore Crawler  
  35  7:52  Drone x3, Zergling x2, Spore Crawler  
  35  7:53  Zergling x4  
  35  7:54  Zergling x6  
  42  7:59  Mutalisk  
  42  8:00  Mutalisk x2  
  44  8:11  Queen  
  42  8:15  Mutalisk  
  42  8:16  Zergling x2  
  43  8:24  Drone x3  
  46  8:29  Mutalisk  
  46  8:32  Drone  
  49  8:38  Zerg Flyer Weapons Level 1  
  49  8:44  Drone x2  
  51  8:54  Queen  
  53  8:56  Extractor, Drone  
  53  9:00  Extractor  
  53  9:01  Zerg Missile Weapons Level 1  
  52  9:06  Drone x3  
  53  9:27  Mutalisk x2  
  54  9:43  Zergling x4  
  54  9:44  Overlord x4  
  54  9:45  Drone x5  
  56  9:55  Drone  
  57  10:01  Spine Crawler  
  57  10:03  Drone, Spore Crawler  
  57  10:06  Drone  
  57  10:07  Mutalisk  
  57  10:13  Lurker Den  
  56  10:33  Mutalisk  
  54  10:39  Zergling x4  
  54  10:40  Hydralisk  
  54  10:41  Drone  
  54  10:42  Zergling x14  
  63  11:03  Baneling x4  
  60  11:04  Baneling  
  52  11:21  Zergling x6  
  48  11:29  Drone x3  
  48  11:30  Drone x3  
  54  11:34  Mutalisk  
  53  11:40  Drone  
  53  11:41  Drone  
  55  11:53  Infestation Pit  
  54  11:58  Zergling x4  
  54  11:59  Drone x2  
  58  12:09  Drone x2  
  58  12:10  Hydralisk  
  58  12:15  Hatchery, Drone  
  61  12:18  Extractor  
  61  12:22  Hydralisk  
  63  12:23  Hydralisk x2  
  63  12:24  Hydralisk x2  
  63  12:25  Zergling x2  
  63  12:26  Hatchery  
  71  12:31  Baneling x4  
  71  12:42  Lurker  
  71  12:43  Drone x5  
  68  13:00  Lurker x2  
Show
View Real Time Build Order
Export as new Build Order

Junkdog Terran - Winner!

Build Orders: Gas First Reaper Expand 

Get SALT Encoding   

  12  0:00  SCV  
  13  0:13  Refinery  
  13  0:16  SCV  
  14  0:25  Supply Depot  
  14  0:29  SCV  
  15  0:46  SCV  
  15  0:49  Barracks  
  16  0:58  SCV  
  17  1:10  SCV  
  18  1:22  SCV  
  19  1:35  Orbital Command  
  19  1:37  Reaper  
  20  1:53  Command Center  
  20  2:03  SCV, Factory  
  21  2:15  SCV  
  22  2:17  Barracks Reactor, Supply Depot  
  22  2:21  Refinery  
  22  2:27  SCV  
  23  2:39  SCV  
  24  2:50  Factory Tech Lab  
  24  2:51  Starport, SCV  
  24  2:55  Marine  
  24  2:56  Marine  
  27  3:03  SCV  
  27  3:05  Orbital Command  
  28  3:09  Siege Tank  
  31  3:13  Marine  
  31  3:16  Marine  
  31  3:18  SCV  
  34  3:27  Medivac  
  34  3:30  SCV  
  34  3:33  SCV  
  38  3:39  Supply Depot  
  38  3:43  SCV  
  38  3:45  SCV  
  38  3:46  Siege Tank  
  43  3:50  Marine  
  43  3:52  Marine  
  43  3:55  SCV  
  46  3:59  Starport Reactor  
  46  4:01  SCV  
  47  4:07  SCV  
  47  4:08  Marine  
  49  4:13  SCV  
  44  4:44  SCV, Siege Tank  
  48  4:47  Marine x2, Liberator  
  48  4:48  SCV  
  54  4:55  Command Center  
  54  5:07  Barracks  
  54  5:08  Barracks  
  54  5:10  SCV x2, Marine  
  54  5:11  Marine  
  58  5:16  Siege Tank  
  61  5:22  SCV  
  62  5:35  Supply Depot x2  
  62  5:40  SCV, Medivac  
  62  5:55  SCV  
  62  5:56  SCV, Marine x2  
  65  5:58  Supply Depot  
  65  6:07  SCV  
  65  6:08  SCV  
  66  6:14  Marine  
  66  6:15  Barracks Reactor  
  66  6:16  Barracks Tech Lab  
  60  6:19  SCV  
  60  6:20  SCV  
  60  6:21  Engineering Bay  
  60  6:24  Engineering Bay  
  62  6:32  Orbital Command  
  62  6:34  SCV x2  
  62  6:36  Stimpack  
  62  6:37  Marine  
  65  6:43  Refinery  
  65  6:45  Refinery  
  65  6:46  SCV x2  
  67  6:54  Terran Infantry Weapons Level 1  
  67  6:55  Marine x3  
  67  6:56  Marine x2  
  67  6:58  SCV  
  67  7:00  Terran Infantry Armor Level 1  
  73  7:10  SCV x2  
  73  7:13  Marine x4  
  73  7:14  Orbital Command  
  79  7:22  SCV x2  
  81  7:26  Marine  
  80  7:31  Marine x2  
  80  7:32  Marine x2  
  80  7:35  Medivac x2  
  84  7:39  Missile Turret  
  76  7:44  Marine  
  76  7:49  Marine x2  
  76  7:50  Marine x2  
  67  8:02  Marine  
  64  8:06  Marine  
  64  8:07  Marine  
  64  8:08  Marine x2  
  62  8:13  SCV x3  
  62  8:15  Combat Shield  
  62  8:19  Marine  
  62  8:24  Marine x2  
  62  8:25  SCV x3, Missile Turret  
  62  8:26  Marine x2  
  70  8:28  Missile Turret  
  70  8:31  Medivac x2  
  74  8:37  SCV x2, Marine  
  74  8:38  SCV  
  74  8:40  Armory  
  73  8:42  Marine x2  
  73  8:43  Marine  
  73  8:44  Barracks, Marine  
  74  8:49  SCV x2  
  74  8:50  SCV  
  74  8:55  Marine  
  77  9:00  Marine x2  
  77  9:01  SCV, Medivac x2  
  77  9:02  SCV  
  86  9:04  Barracks x2  
  86  9:14  Marine x2  
  86  9:15  Marine  
  89  9:18  SCV x2, Marine x2  
  89  9:19  SCV  
  94  9:30  SCV x2  
  96  9:31  SCV  
  96  9:32  Marine x3  
  96  9:35  Marine  
  101  9:42  SCV x2  
  101  9:43  SCV  
  104  9:53  Terran Infantry Armor Level 2, Terran Infantry Weapons Level 2  
  104  9:54  Marine x2  
  104  9:55  Barracks Reactor  
  104  9:57  Barracks Reactor  
  104  9:58  SCV x2  
  104  9:59  SCV  
  109  10:09  Marine  
  109  10:10  SCV x2, Marine x3  
  109  10:12  Marine x2, Supply Depot  
  109  10:13  Medivac  
  119  10:15  Supply Depot  
  119  10:17  Refinery  
  119  10:27  Marine x2  
  119  10:28  Marine x2  
  123  10:30  Marine x2  
  125  10:36  Supply Depot  
  125  10:38  Supply Depot  
  125  10:45  Marine x4  
  125  10:47  Marine x2  
  125  10:48  Marine x2  
  120  11:05  Marine x2, Medivac x2  
  120  11:06  Marine x6  
  120  11:07  Marine x2  
  129  11:23  Marine x3  
  129  11:24  Marine x4  
  129  11:28  Marine  
  129  11:29  Marine x2  
  117  11:41  Marine x4  
  117  11:42  SCV x3, Marine x3  
  117  11:45  Medivac, Siege Tank  
  117  11:46  Marine, Medivac  
  135  11:47  Marine x2  
  137  11:54  SCV  
  137  11:55  Supply Depot x2  
  137  11:56  Supply Depot  
  137  11:58  Supply Depot  
  137  11:59  Marine x5  
  137  12:00  Marine, Command Center  
  137  12:01  Marine  
  144  12:04  Marine  
  144  12:05  Marine x2  
  148  12:17  Marine x4, Siege Tank  
  148  12:18  Supply Depot  
  148  12:19  Marine x2  
  148  12:22  Supply Depot  
  157  12:32  Marine x2  
  157  12:33  Marine x2  
  157  12:34  Marine x2  
  157  12:35  Marine x2  
  157  12:36  Marine  
  157  12:37  Marine  
  167  12:49  Siege Tank  
  153  12:57  Marine  
  153  12:58  Marine x9  
Show
View Real Time Build Order
Export as new Build Order

TOKUS Terran - Winner!

Build Orders: 2 Factory, Mech 

Get SALT Encoding   

  12  0:00  SCV  
  13  0:12  SCV  
  14  0:17  Supply Depot  
  14  0:24  SCV  
  15  0:35  Refinery  
  15  0:39  SCV  
  16  0:46  Barracks  
  16  0:51  SCV  
  17  1:03  SCV  
  18  1:15  SCV  
  19  1:28  SCV  
  20  1:39  Barracks Reactor  
  20  1:43  Orbital Command  
  19  2:04  Command Center  
  19  2:08  Factory  
  19  2:18  Supply Depot  
  19  2:19  Marine x2  
  21  2:23  SCV  
  21  2:27  Refinery  
  22  2:35  SCV  
  22  2:36  Factory  
  23  2:47  SCV  
  24  2:58  Barracks Tech Lab  
  24  3:00  SCV  
  24  3:02  Hellion x2  
  29  3:13  SCV  
  29  3:18  Orbital Command  
  30  3:24  Hellion x2  
  34  3:29  Infernal Pre-Igniter  
  34  3:35  Cyclone  
  37  3:43  Orbital Command  
  37  3:48  Factory  
  37  3:56  Barracks Tech Lab  
  37  3:57  SCV  
  40  4:02  Hellion  
  40  4:05  Hellion  
  40  4:19  Siege Tank  
  32  4:38  Hellion x2  
  36  4:48  SCV x2  
  36  4:51  Hellion  
  40  4:55  Mag-Field Accelerator  
  40  5:00  SCV x2  
  42  5:12  SCV  
  42  5:13  SCV  
  44  5:18  Siege Tank  
  44  5:19  Siege Tank  
  50  5:29  SCV x2  
  52  5:41  SCV  
  47  5:50  Siege Tank  
  47  5:51  Hellion x2  
  54  5:57  Hellion  
  52  6:12  Hellion  
  52  6:17  Engineering Bay  
  54  6:26  Supply Depot  
  54  6:27  Supply Depot  
  54  6:28  Supply Depot  
  54  6:39  SCV x2, Hellion x3  
  62  6:41  Refinery  
  62  6:43  Refinery  
  62  6:51  SCV x2, Missile Turret  
  62  6:52  Missile Turret  
  62  6:53  Missile Turret  
  64  7:03  SCV x2  
  66  7:10  Siege Tank  
  66  7:15  SCV  
  68  7:33  Hellion  
  68  7:34  Hellion x2  
  70  7:42  Hellion  
  68  7:55  Hellion x3  
  70  8:15  SCV x2  
  70  8:16  Command Center  
  72  8:21  Supply Depot  
  72  8:23  Supply Depot  
  72  8:25  Supply Depot  
  68  8:27  SCV x2  
  70  8:35  Armory  
  70  8:36  Armory  
  70  8:39  SCV x2  
  72  8:50  Factory  
  72  8:51  SCV  
  72  8:52  Factory  
  73  9:02  Command Center  
  73  9:11  Missile Turret  
  73  9:15  Missile Turret  
  63  9:33  Thor x2  
  58  9:59  Terran Vehicle And Ship Armor Level 1, Terran Vehicle Weapons Level 1  
  58  10:00  Missile Turret  
  58  10:01  Hellion  
  58  10:02  Hellion  
  58  10:03  Missile Turret  
  62  10:13  Factory Tech Lab x2  
  62  10:14  Missile Turret  
  62  10:15  Missile Turret  
  62  10:16  Thor x2  
  74  10:22  Orbital Command  
  74  10:23  Hellion  
  74  10:26  Orbital Command  
  76  10:41  Orbital Command  
  76  10:43  Siege Tank  
  76  10:44  Hellion  
  81  10:54  Orbital Command  
  81  10:59  Siege Tank x2  
  81  11:04  Siege Tank  
  90  11:05  Hellion x2  
  90  11:10  SCV  
  90  11:11  SCV x2  
  97  11:15  Siege Tank  
  100  11:23  SCV x3  
  103  11:26  Missile Turret  
  103  11:27  Missile Turret  
  103  11:28  Missile Turret  
  103  11:31  SCV, Siege Tank x2  
  110  11:35  SCV x3  
  113  11:40  Supply Depot  
  113  11:44  SCV  
  114  11:47  SCV x3  
  114  11:51  Refinery  
  114  11:54  Refinery  
  117  11:56  SCV  
  117  11:59  SCV x2, Missile Turret x2  
  117  12:00  Missile Turret  
  120  12:02  Siege Tank x2  
  120  12:03  Hellion, Siege Tank  
  120  12:04  Hellion  
  133  12:12  SCV x4  
  137  12:24  Refinery, SCV x2  
  137  12:25  SCV x2  
  137  12:28  Refinery  
  141  12:33  Thor x4  
  141  12:36  SCV x2  
  143  12:37  SCV x2  
Tags
 
Add a new tag
Caveats
  • Supply blocks, unpowered buildings, or Contaminate may cause inaccurate times.
  • Supply counts are checked every 10 seconds.